 Dungeon Crawl Stone Soup version 0.26-a0-597-gb535b0901c (webtiles) character file.

Game seed: 18391834915088636440

3742 vurker the Frost Mage (level 10, 0/66 HPs)
             Began as an Octopode Ice Elementalist on Sept 10, 2020.
             Was an Initiate of Vehumet.
             Slain by a hound (3 damage)
             ... on level 7 of the Dungeon.
             The game lasted 00:13:15 (11428 turns).

vurker the Frost Mage (Octopode Ice Elementalist)  Turns: 11428, Time: 00:13:16

Health: 0/66       AC:  1    Str:  7    XL:     10   Next: 15%
Magic:  18/21      EV: 13    Int: 21    God:    Vehumet [......]
Gold:   380        SH:  8    Dex: 13    Spells: 12/24 levels left

rFire    . . .     SeeInvis .   f - +2 whip (elec)
rCold    . . .     Faith    .   i - +3 buckler {rPois}
rNeg     . . .     Spirit   .   (helmet restricted)
rPois    +         Reflect  .   (no amulet)
rElec    .         Harm     .   (no ring)
rCorr    .                      (no ring)
MR       .....                  (no ring)
Stlth    +++.......             (no ring)
HPRegen  0.21/turn              (no ring)
MPRegen  0.17/turn              (no ring)
                                (no ring)
                                (no ring)

@: lethally poisoned (0 -> -3), frozen ramparts
A: almost no armour, stealthy swim, amphibious, 8 rings, constrict 8, camouflage
1, gelatinous body 1
a: Renounce Religion


You were on level 7 of the Dungeon.
You worshipped Vehumet.
Vehumet was noncommittal.
You visited 2 branches of the dungeon, and saw 9 of its levels.

You collected 380 gold pieces.

Inventory:

Hand Weapons
 f - a +2 whip of electrocution (weapon)
   (You found it on level 1 of the Dungeon)
Armour
 i - a +3 buckler of poison resistance (worn)
   (You found it on level 1 of the Dungeon)
Jewellery
 x - an uncursed amulet of regeneration {unknown}
   (You found it on level 8 of the Dungeon)
Wands
 c - a wand of disintegration (10)
   (You found it on level 6 of the Dungeon)
 t - a wand of flame (15)
   (You found it on level 6 of the Dungeon)
 u - a wand of paralysis (6)
   (You found it on level 6 of the Dungeon)
Scrolls
 b - a scroll of fear
 h - 4 scrolls of remove curse
 j - a scroll of amnesia
 l - a scroll of enchant armour
 n - a scroll of enchant weapon
 o - 2 scrolls of teleportation
 q - a scroll of magic mapping
 w - a scroll of identify
Potions
 a - a potion of resistance {unknown}
 d - a potion of might {unknown}
 e - 2 potions of ambrosia
 g - a potion of degeneration {unknown}
 k - 2 potions of brilliance
 m - a potion of magic {unknown}
 p - a potion of heal wounds
 r - 3 potions of curing {unknown}
 s - a potion of cancellation {unknown}
 v - a potion of flight {unknown}


   Skills:
 + Level 5.5 Fighting
 - Level 2.0 Dodging
 - Level 2.6 Stealth
 - Level 4.0 Shields
 * Level 7.7 Spellcasting
 - Level 3.0 Conjurations
 - Level 3.0 Summonings
 * Level 9.1 Ice Magic


You had 12 spell levels left.
You knew the following spells:

 Your Spells              Type           Power        Failure   Level
a - Freeze                Ice            ####         1%          1
b - Frozen Ramparts       Ice            #####.       1%          3
c - Hailstorm             Conj/Ice       ####....     7%          4
d - Summon Ice Beast      Ice/Summ       ####....     7%          4

Your spell library contained the following spells:

 Spells                   Type           Power        Failure   Level
 Ozocubu's Armour         Ice            #####...     1%          3
 Magic Dart               Conj           ###.         2%          1
 Call Imp                 Summ           ###.....     3%          2
 Blink                    Tloc           N/A          12%         2
 Slow                     Hex            #.......     12%         2
 Conjure Flame            Conj/Fire      ##......     13%         3
 Mephitic Cloud           Conj/Pois/Air  ##......     16%         3


Dungeon Overview and Level Annotations

Branches:
Dungeon (8/15)             Temple (1/1) D:5
   Lair: D:8-11

Altars:
Ashenzari
Cheibriados
Dithmenos
Elyvilon
Fedhas
Gozag
Hepliaklqana
Kikubaaqudgha
Makhleb
Nemelex Xobeh
Okawaru
Qazlal
Ru
Sif Muna
Trog
Uskayaw
Vehumet
Wu Jian
Xom
Yredelemnul
Zin
The Shining One


Innate Abilities, Weirdness & Mutations

You cannot wear most types of armour.
You are very stealthy in the water. (Stealth+)
You are amphibious.
You can wear up to eight rings at the same time.
You can use your tentacles to constrict eight enemies at once.
Your skin changes colour to match your surroundings (Stealth+).
Your rubbery body absorbs attacks. (AC +1, EV +1)


Message History

You barely miss the adder. Your grab misses the adder.
The wall freezes the adder.
You block the adder's attack.
You hit the adder but do no damage. You grab the adder.
You constrict the adder.
The wall freezes the adder.
You kill the adder!
Vehumet accepts your kill.
No target in view!
No target in view!
The frozen ramparts melt away.
Partly explored, can't reach some places.
There is a stone staircase leading down here.
You climb downwards.
You hear the hiss of flowing sand.
There is an entrance to an ossuary on this level.
Hurry and find it before the portal is buried!
You hear the hiss of a very distant avalanche of sand.
A two-headed ogre and an ufetubus come into view.
The troll shouts!
The hound barks!
The hornet buzzes angrily.
You hear a howl!
The ufetubus shouts!
You hear a shout!
The two-headed ogre shouts in stereo!
The ufetubus misses you. The ufetubus closely misses you.
The hornet stings you!
You are poisoned.
A hound comes into view.
Found 10 arrows.
There is a stone staircase leading up here.
You feel sick.
The bullfrog croaks.
You block the hound's attack. The ufetubus misses you.
You block the ufetubus's attack. The hornet stings you!
The ufetubus hits you but does no damage.
The ufetubus hits you. The hound misses you. You block the hornet's attack.
You climb upwards.
You feel sick.
There is a stone staircase leading down here.
The hound bites you.
* * * LOW HITPOINT WARNING * * *
You feel sick. You block the hornet's attack. The hound bites you.
* * * LOW HITPOINT WARNING * * *
The hornet barely misses you.
You feel sick.
The walls around you are covered in ice.
You block the ufetubus's attack. The ufetubus hits you.
* * * LOW HITPOINT WARNING * * *
The wall freezes the hound.
The hound barely misses you.
The wall freezes the hornet.
The hornet stings you!
* * * LOW HITPOINT WARNING * * *
The ufetubus hits you.
* * * LOW HITPOINT WARNING * * *
The ufetubus hits you.
* * * LOW HITPOINT WARNING * * *
The wall freezes the hound.
The hound bites you.
You die...

##...##
##........#P#.P.#
####...##
#.........#######
........###
#.........#
..........#
#........##
..........###........#
...........##..>.....#
....................##
...............yh5.##
#...........####@..###
#########..##
###...#### ##..#
###....### # #..##
####...#### # ##.##
###....#### ####..#
###....## #....###
###.... #......# ###..
##....## ###


You could see a hornet, a hound and an ufetubus.

Vanquished Creatures
  Pikel (D:4)
  A hippogriff (D:7)
  Sigmund (D:6)
  2 water moccasins (D:7)
  An orc warrior (D:6)
  A phantom (D:5)
  7 ogres
  A centaur (D:6)
  A lemure (D:4)
  4 bullfrogs
  5 killer bees (D:7)
  2 howler monkeys
  A hound (D:7)
  A quasit (D:5)
  A bullfrog zombie (D:8)
  5 orc priests
  An iguana (D:8)
  2 centaur skeletons
  8 orc wizards
  Natasha (thrice) (D:2)
  7 worker ants
  2 hound zombies
  A hound skeleton (D:7)
  A worker ant zombie (D:5)
  6 gnolls
  11 adders
  2 river rats (D:4)
  2 shadow imps (D:7)
  3 white imps
  2 ufetubi (D:5)
  2 oozes
  2 adder skeletons
  A worm (D:2)
  2 dart slugs
  A leopard gecko (D:4)
  21 orcs
  6 ball pythons
  12 bats
  6 giant cockroaches
  7 goblins
  8 hobgoblins
  23 jackals
  10 kobolds
  5 quokkas
  9 frilled lizards
  A jackal skeleton (D:7)
  15 rats
217 creatures vanquished.

Vanquished Creatures (collateral kills)
  An ice beast (D:6)
  A phantom (D:7)
2 creatures vanquished.

Grand Total: 219 creatures vanquished

Notes
Turn   | Place    | Note
-------+----------+-------------------------------------------
     0 | D:1      | vurker the Octopode Ice Elementalist began the quest for
                  | the Orb.
     0 | D:1      | Reached XP level 1. HP: 11/11 MP: 3/3
   220 | D:1      | Reached XP level 2. HP: 17/18 MP: 3/5
   834 | D:1      | Reached XP level 3. HP: 17/22 MP: 6/6
   841 | D:1      | Learned a level 3 spell: Frozen Ramparts
   945 | D:1      | Reached skill level 1 in Fighting
  1570 | D:2      | Reached XP level 4. HP: 28/28 MP: 8/8
  1779 | D:2      | Found a white marble altar of Elyvilon.
  2210 | D:2      | Noticed Natasha
  2227 | D:2      | Killed Natasha
  2227 | D:2      | Reached skill level 1 in Shields
  2527 | D:2      | Reached XP level 5. HP: 33/33 MP: 9/9
  2786 | D:2      | Found a white marble altar of Elyvilon.
  3100 | D:2      | Noticed Natasha
  3114 | D:2      | Killed Natasha
  3454 | D:2      | Noticed Natasha
  3457 | D:2      | Killed Natasha
  3457 | D:2      | Reached skill level 5 in Ice Magic
  3956 | D:3      | Reached XP level 6. HP: 29/39 MP: 2/11
  4735 | D:4      | Learned a level 4 spell: Hailstorm
  4740 | D:4      | Learned a level 4 spell: Summon Ice Beast
  4782 | D:4      | Reached XP level 7. HP: 12/45 MP: 7/13
  5203 | D:4      | Reached skill level 1 in Conjurations
  5203 | D:4      | Reached skill level 1 in Summonings
  5375 | D:4      | Noticed Pikel
  5388 | D:4      | Killed Pikel
  5388 | D:4      | Reached skill level 6 in Ice Magic
  5388 | D:4      | Reached XP level 8. HP: 52/52 MP: 10/15
  5697 | D:4      | Noticed a +0 hand axe
  5697 | D:4      | Noticed a -1 dagger
  5698 | D:4      | Found a hide-covered altar of Uskayaw.
  6106 | D:5      | Entered Level 5 of the Dungeon
  6576 | D:5      | Reached skill level 5 in Spellcasting
  6590 | D:5      | Found a staircase to the Ecumenical Temple.
  6597 | Temple   | Entered the Ecumenical Temple
  6999 | D:5      | Found a shattered altar of Ashenzari.
  7693 | D:6      | Found an iron altar of Okawaru.
  7694 | D:6      | Noticed Sigmund
  7697 | D:6      | Killed Sigmund
  7697 | D:6      | Reached skill level 7 in Ice Magic
  7704 | D:6      | Reached XP level 9. HP: 46/58 MP: 11/17
  8274 | D:6      | Found a stormy altar of Qazlal.
  8983 | D:6      | Found an iron altar of Okawaru.
  9021 | D:6      | Found a stormy altar of Qazlal.
  9532 | D:7      | Reached skill level 8 in Ice Magic
  9866 | D:7      | Reached skill level 5 in Fighting
 10678 | D:7      | Reached XP level 10. HP: 59/66 MP: 18/21
 10896 | D:7      | Reached skill level 9 in Ice Magic
 11033 | D:7      | Found a shimmering blue altar of Sif Muna.
 11033 | D:7      | Found a burning altar of Makhleb.
 11033 | D:7      | Found a radiant altar of Vehumet.
 11117 | D:7      | Became a worshipper of Vehumet
 11422 | D:8      | Noticed a two-headed ogre
 11428 | D:7      | HP: 3/66 [ufetubus (2)]
 11428 | D:7      | Slain by a hound

Illustrated notes

Levels and vault maps discovered:
D:1:      lightli_molten_gateway, layout_loops_cross, hangedman_decor_push,
          columned_hall_lemuel
D:2:      minmay_razor_zed, layout_basic, elyvilon_altar_1, uniq_natasha
D:3:      layout_loops_ring
D:4:      layout_basic, dancing_weapons_uskayaw, portal_sewer_entry_e,
          uniq_pikel
D:5:      layout_gridville, temple_statues, chequers_serial_rivers_marsh,
          evilmike_ruin_ashenzari
D:6:      layout_basic, kennysheep_little_box, okawaru_metal_pillars_3,
          uniq_sigmund
D:7:      layout_cave_pods, gammafunk_temple_overflow_forgotten
D:8:      layout_rooms, erik_lair_island, enter_ossuary_3
Temple:   regret_index_temple_sphere_string

Skill      XL: |  1  2  3  4  5  6  7  8  9 10 |
---------------+-------------------------------+-----
Fighting       | 1 2 3 5 |  5.5
Shields        | 1 2 3 4 |  4.0
Spellcasting   | 3 4 5 7 |  7.7
Ice Magic      | 5 6 7 8 9 |  9.1
Conjurations   | 2 3 |  3.0
Summonings     | 2 3 |  3.0
Dodging        | |  2.0
Stealth        | |  2.6

Action                   |  1- 3 |  4- 6 |  7- 9 | 10-12 || total
-------------------------+-------+-------+-------+-------++-------
Melee: Unarmed           |     8 |       |       |       ||     8
       Constrict         |    17 |    28 |    28 |     9 ||    82
       Tentacles         |     6 |     8 |    19 |     2 ||    35
       Whip              |    50 |    90 |   148 |    18 ||   306
 Cast: Freeze            |    18 |    25 |    36 |     4 ||    83
       Frozen Ramparts   |       |    16 |    36 |     7 ||    59
       Summon Ice Beast  |       |       |     8 |       ||     8
       Hailstorm         |       |       |     1 |     1 ||     2
Evoke: Wand              |       |       |       |     3 ||     3
  Use: Scroll            |       |     8 |     7 |       ||    15
 Stab: Sleeping          |     9 |    15 |     3 |       ||    27
       Distracted        |       |       |     1 |       ||     1
Armor: Skin              |     5 |     3 |     9 |     2 ||    19
Dodge: Dodged            |    49 |    54 |    96 |    20 ||   219
Block: Buckler           |     5 |    28 |    73 |    12 ||   118

Table legend: (Time is in decaauts)
 A = Elapsed time spent in this place.
 B = Non-inter-level travel time spent in this place.
 C = Inter-level travel time spent in this place.
 D = Time resting spent in this place.
 E = Time spent auto-exploring this place.
 F = Levels seen in this place.
 G = Mean time per level.
                   A        B        C        D        E       F      G
               +--------+--------+--------+--------+--------+-----+--------+
         Total |  11470 |  11029 |    441 |    669 |   8821 |   9 | 1274.4 |
       Dungeon |  11256 |  10831 |    425 |    669 |   8625 |   8 | 1407.0 |
        Temple |    213 |    197 |     16 |      0 |    196 |   1 |  213.0 |
               +--------+--------+--------+--------+--------+-----+--------+

Top non-repeatable levels by time:
     D:2: 2151 daAuts
     D:7: 1892 daAuts
     D:6: 1823 daAuts
     D:1: 1556 daAuts
     D:4: 1363 daAuts
     D:3: 1241 daAuts
     D:5: 1141 daAuts
  Temple: 213 daAuts
     D:8: 86 daAuts
